 Dungeon Crawl Stone Soup version 0.14.0-7-g2801ba0 (webtiles) character file.

148 Qrupt the Twirler (level 5, 0/38 HPs)
             Began as a Human Gladiator on Apr 13, 2014.
             Killed from afar by Terence (2 damage)
             ... with a wand of frost
             ... on Level 2 of the Dungeon.
             The game lasted 00:03:51 (1854 turns).

Qrupt the Twirler (Human Gladiator)                 Turns: 1854, Time: 00:03:52

HP   0/38        AC  4     Str 17      XL: 5   Next:  9%
MP   5/5         EV 12     Int  8      God:
Gold 43          SH  0     Dex 13      Spells:  0 memorised,  4 levels left

rFire  . . .     SeeInvis .     a - +0 quarterstaff
rCold  . . .     Clarity  .     b - +0 leather armour
rNeg   . . .     Conserve .     (no shield)
rPois  .         rCorr    .     c - +0 helmet
rElec  .         rRot     .     (no cloak)
SustAb . .       Spirit   .     (no gloves)
rMut   .         Warding  .     (no boots)
Saprov . . .     Stasis   .     (no amulet)
MR     .....                    (no ring)
                                (no ring)

@: not resistant to hostile enchantments, very unstealthy
A: no striking features
a: no special abilities


You were on level 2 of the Dungeon.
You were not hungry.

You visited 1 branch of the dungeon, and saw 2 of its levels.

You collected 43 gold pieces.

Inventory:

Hand weapons
 a - a +0,+0 quarterstaff (weapon)
Missiles
 h - 12 steel darts (quivered)
 i - 6 tomahawks
 k - 22 poisoned needles
 l - 5 needles of confusion
Armour
 b - a +0 leather armour (worn)
 c - a +0 helmet (worn)
Comestibles
 f - a bread ration
 p - a rotting chunk of worm flesh
 s - a rotting chunk of adder flesh
Scrolls
 e - 2 scrolls of blinking {unknown}
 g - a scroll of fog {unknown}
 j - 2 scrolls of remove curse {unknown}
 o - 2 scrolls of identify {unknown}
Potions
 m - a potion of restore abilities {unknown}
 q - a potion of poison {unknown}
 r - a potion of degeneration {unknown}
Books
 n - a book of Alchemy

   Spells                             Type                      Level
   Lethal Infusion                    Charms/Necromancy            2
   Sublimation of Blood               Necromancy                   2
   Condensation Shield                Ice                          4
   Petrify                            Transmutation/Earth          4
   Ignite Poison                      Fire/Transmutation           5


   Skills:
 - Level 2.0 Fighting
 + Level 5.4 Staves
 - Level 2.0 Throwing
 - Level 3.0 Dodging


You had 4 spell levels left.
You didn't know any spells.

Dungeon Overview and Level Annotations

Branches:
Dungeon (2/15)

Altars:
Elyvilon

Annotations:
D:2 Terence


Message History

Terence is severely wounded.
Terence struggles against the net.
Terence zaps a wand.
The puff of frost hits you!
You hit Terence but do no damage.
Terence is severely wounded.
Terence struggles against the net.
The net rips apart, and Terence comes free!
You barely miss Terence.
Terence is severely wounded.
Terence zaps a wand.
The puff of frost hits you!
* * * LOW HITPOINT WARNING * * *
Throwing (i - inventory. (,) - cycle):
d - a throwing net (quivered)
Press: ? - help, Shift-Dir - straight line, f/p - Terence
Aim: Terence, wielding a glowing flail, wearing a scale mail and carrying a wand of frost {zapped: 5} (severely wounded)
You throw a throwing net. The throwing net hits Terence.
Terence is caught in the net!
Terence is severely wounded.
Terence struggles to escape the net.
Terence zaps a wand.
The puff of frost hits you!
You die...

#.........# ########.##
#.## #..# #+####### ##.#
........# #######'##
........# ###.........
.........#####.'.........
.......@@'.....#.........
.......[.#######.........
###+##### #.........
#......... ##....####
######..## #(.......#
#........## #........'.


You could see Terence (caught).

Vanquished Creatures
  A gnoll (D:1)
  5 adders (D:2)
  A giant mite (D:2)
  A worm (D:2)
  2 giant geckos (D:1)
  3 giant cockroaches
  3 hobgoblins
  4 kobolds (D:1)
  A quokka (D:2)
  A ball python (D:2)
  5 bats
  3 giant newts
  6 goblins
  8 rats (D:1)
44 creatures vanquished.

Notes
Turn   | Place    | Note
--------------------------------------------------------------
     0 | D:1      | Qrupt, the Human Gladiator, began the quest for the Orb.
     0 | D:1      | Reached XP level 1. HP: 16/16 MP: 1/1
    12 | D:1      | Reached XP level 2. HP: 1/22 MP: 2/2
   371 | D:1      | Reached skill level 4 in Staves
   371 | D:1      | Reached XP level 3. HP: 20/27 MP: 3/3
  1157 | D:2      | Reached XP level 4. HP: 28/33 MP: 4/4
  1167 | D:2      | Found a white marble altar of Elyvilon.
  1539 | D:2      | Reached skill level 5 in Staves
  1582 | D:2      | Reached XP level 5. HP: 18/38 MP: 5/5
  1836 | D:2      | Noticed Terence
  1854 | D:2      | Killed from afar by Terence

Action                   |  1- 3 |  4- 6 || total
-------------------------+-------+-------++-------
Melee: Quarterstaff      |   104 |    59 ||   163
Throw: Throwing net      |       |     3 ||     3
